 Dungeon Crawl Stone Soup version 0.21.1-68-g103a7af (webtiles) character file.

2312 miragecloak the Basher (level 9, -2/112 HPs)
             Began as a Minotaur Abyssal Knight on Aug 1, 2018.
             Was an Elder of Lugonu.
             Slain by a gnoll
             ... wielding a +0 halberd
              (7 damage)
             ... on level 9 of the Dungeon on Aug 2, 2018.
             The game lasted 00:15:32 (7613 turns).

miragecloak the Basher (Minotaur Abyssal Knight)    Turns: 7613, Time: 00:15:33

Health: -2/112     AC: 24    Str: 26    XL:     9   Next: 18%
Magic:  14/14      EV:  2    Int:  9    God:    Lugonu [****..]
Gold:   508        SH:  0    Dex: 13    Spells: 8/8 levels left

rFire    + . .     SeeInvis .   z - +5 long sword of Xes Husm {flame, +Inv rC++ Str+2}
rCold    + + .     Gourm    .   (no shield)
rNeg     + + +     Faith    .   (armour currently unavailable)
rPois    +         Spirit   .   (helmet currently unavailable)
rElec    .         Reflect  .   (cloak currently unavailable)
rCorr    .         Harm     .   (gloves currently unavailable)
MR       .....     NoTele   +   (boots currently unavailable)
Stlth    +.........             (no amulet)
HPRegen  0.28/turn              h - +4 ring of slaying
MPRegen  0.14/turn              e - ring of protection from fire

@: confused, mighty, tree-form
A: (retaliatory headbutt), strong 1, evolution 1
a: Depart the Abyss, Bend Space, Banish, Corrupt, Renounce Religion, Evoke
Invisibility


You were on level 9 of the Dungeon.
You worshipped Lugonu.
Lugonu was greatly pleased with you.
You were very hungry.
You were a tree.
You visited 1 branch of the dungeon, and saw 9 of its levels.
You visited the Abyss 1 time.

You collected 508 gold pieces.

Inventory:

Hand Weapons
 o - a +1 morningstar
 z - the +5 long sword of Xes Husm (weapon) {flame, +Inv rC++ Str+2}
   (You found it on level 6 of the Dungeon)

   It has been specially enchanted to burn those struck by it, causing extra
   injury to most foes and up to half again as much damage against particularly
   susceptible opponents.
   Big, fiery blades are also staple armaments of hydra-hunters.
   It affects your strength (+2).
   It greatly protects you from cold.
   It lets you turn invisible.
Armour
 d - a +0 cloak (melded)
 n - a +2 leather armour of cold resistance (melded)
Jewellery
 e - a ring of protection from fire (right branch)
 h - a +4 ring of slaying (left branch)
 t - an uncursed ring of resist corrosion
 F - a +3 ring of protection {unknown}
Wands
 v - a wand of acid (5)
 x - a wand of polymorph (12)
 A - a wand of iceblast (9)
 B - a wand of clouds (4)
Scrolls
 b - a scroll of remove curse
 i - 14 scrolls of identify {unknown}
 j - 3 scrolls of teleportation
 p - a scroll of amnesia {unknown}
 r - 2 scrolls of enchant weapon
 u - a scroll of random uselessness {unknown}
 y - a scroll of enchant armour {unknown}
Potions
 f - a potion of mutation
 g - 2 potions of berserk rage
 k - a potion of lignification
 C - a potion of degeneration {unknown}
Books
 a - a book of Conjurations

   Spells                             Type                      Level
   a - Magic Dart                     Conjuration                  1
   b - Searing Ray                    Conjuration                  2
   c - Dazzling Spray                 Conjuration/Hexes            3
   d - Fulminant Prism                Conjuration/Hexes            4
   e - Force Lance                    Conjuration/Translocation    4
   f - Iskenderun's Mystic Blast      Conjuration                  4
 s - a book of Changes

   Spells                             Type                      Level
   a - Beastly Appendage              Transmutation                1
   b - Sticks to Snakes               Transmutation                2
   c - Spider Form                    Transmutation/Poison         3
   d - Ice Form                       Ice/Transmutation            4
   e - Blade Hands                    Transmutation                5
 D - Sif Muna's Catalogue of Displacement
   (You found it on level 6 of the Dungeon)

   Spells                             Type                      Level
   a - Apportation                    Translocation                1
Comestibles
 c - 9 rations


   Skills:
 + Level 5.7 Fighting
 - Level 4.0 Long Blades
 - Level 9.0 Maces & Flails
 + Level 3.0 Armour
 - Level 3.0 Dodging
 - Level 8.1 Invocations


You had 8 spell levels left.
You didn't know any spells.

Dungeon Overview and Level Annotations

Branches:
Dungeon (9/15)             Temple (0/1) D:5
   Lair: D:8-11         Orc: D:9-12

Altars:
Dithmenos
Hepliaklqana
Kikubaaqudgha
Okawaru
Qazlal
Ru
Sif Muna
Trog
Uskayaw
Vehumet
Xom
Yredelemnul
Zin
The Shining One

Annotations:
D:3 1 runed door
D:8 Grum
D:9 Pikel


Innate Abilities, Weirdness & Mutations

((You reflexively headbutt those who attack you in melee.))
((You have a pair of horns on your head.))
Your muscles are strong. (Str +2)
You evolve.


Message History

* * * LOW HITPOINT WARNING * * *
The gnoll hits you but does no damage. Pikel hits you but does no damage.
The gnoll hits you but does no damage. The slave hits you.
* * * LOW HITPOINT WARNING * * *
The gnoll sergeant barely misses you. The slave completely misses you.
It was a potion of might.
You feel very mighty all of a sudden. The gnoll hits you but does no damage.
The slave hits you but does no damage. The gnoll barely misses you.
The gnoll hits you but does no damage. x2
Pikel zaps a wand.
It is a wand of polymorph (10).
The slave hits you but does no damage.
The gnoll sergeant hits you but does no damage.
The slave hits you but does no damage.
It was a potion of ambrosia.
You are confused.
You feel invigorated. The slave hits you but does no damage.
The gnoll barely misses you. The gnoll hits you but does no damage.
The gnoll sergeant hits you but does no damage.
Pikel zaps a wand.
You easily resist.
The gnoll hits you with a halberd!
You die... ##### ##pK.## #8p♣.8# #.ogpgg.#

#.>g8gp.#
#....g..#
##8...8##
##...##
##.## #.#


You could see Pikel, 4 slaves, a gnoll sergeant, 5 gnolls and an orc.

Vanquished Creatures
  Grinder (D:3)
  A hungry ghost (D:7)
  A water moccasin (D:7)
  2 black bears
  2 ice beasts
  A sky beast (D:6)
  3 ogres
  A necrophage (D:6)
  A phantom (D:5)
  A big kobold (D:5)
  3 crimson imps
  2 hounds
  A jelly (D:7)
  2 orc priests
  3 centaur skeletons
  2 bullfrog skeletons (D:5)
  4 orc wizards
  5 worker ants
  A worker ant zombie (D:7)
  4 gnolls (D:4)
  9 adders
  An ooze (D:1)
  4 worms
  An adder zombie (D:6)
  A dart slug (D:1)
  7 leopard geckos
  21 orcs
  2 ball pythons
  7 bats
  2 giant cockroaches
  7 goblins
  7 hobgoblins
  15 jackals
  28 kobolds
  3 quokkas
  7 frilled lizards
  16 rats
179 creatures vanquished.

Notes
Turn   | Place    | Note
-------+----------+-------------------------------------------
     0 | Abyss:1  | miragecloak the Minotaur Abyssal Knight began the quest for the Orb.
     0 | Abyss:1  | Reached XP level 1. HP: 19/19 MP: 1/1
    17 | Abyss:1  | Noticed an orange demon
    17 | D:1      | Escaped the Abyss
   370 | D:1      | Reached skill level 3 in Maces & Flails
   385 | D:1      | Reached XP level 2. HP: 25/26 MP: 2/2
   424 | D:1      | Reached * piety under Lugonu
   490 | D:1      | Reached skill level 4 in Maces & Flails
   693 | D:1      | Reached XP level 3. HP: 27/31 MP: 3/3
  1174 | D:2      | Reached skill level 5 in Maces & Flails
  1185 | D:2      | Reached ** piety under Lugonu
  1245 | D:2      | Reached XP level 4. HP: 33/39 MP: 4/4
  1548 | D:2      | Found a bloodstained altar of Trog.
  1800 | D:2      | Found a sacrificial altar of Ru.
  1801 | D:2      | Found a shimmering altar of Xom.
  1908 | D:3      | Noticed Grinder
  2017 | D:3      | Reached skill level 6 in Maces & Flails
  2315 | D:3      | Reached XP level 5. HP: 42/45 MP: 5/5
  2368 | D:3      | Paralysed by Grinder for 3 turns
  2502 | D:5      | Entered Level 5 of the Dungeon
  2502 | D:5      | Noticed a sky beast
  2502 | D:5      | Noticed an ogre
  2566 | D:4      | Reached skill level 7 in Maces & Flails
  2719 | D:4      | Found a sacrificial altar of Ru.
  3172 | D:4      | Reached XP level 6. HP: 51/51 MP: 6/6
  3534 | D:4      | Reached *** piety under Lugonu
  3551 | D:4      | Reached skill level 8 in Maces & Flails
  3740 | D:4      | Got a slimy trident
  3741 | D:4      | Identified the cursed +0 trident of Keps {pain, rPois rF++ MR+} (You found it on level 4 of the Dungeon)
  4467 | D:5      | Found a hazy altar of Hepliaklqana.
  4467 | D:5      | Found a hide-covered altar of Uskayaw.
  4472 | D:5      | Reached XP level 7. HP: 57/57 MP: 7/7
  4505 | D:5      | Reached skill level 9 in Maces & Flails
  4520 | D:5      | Found a shadowy altar of Dithmenos.
  4633 | D:3      | Killed Grinder
  4856 | D:3      | Found a runed door.
  5177 | D:5      | Found a staircase to the Ecumenical Temple.
  5223 | D:5      | You fall through a shaft for 2 floors!
  5243 | D:7      | Reached skill level 5 in Invocations
  5243 | D:7      | Reached XP level 8. HP: 59/64 MP: 10/10
  5777 | D:7      | Found an iron altar of Okawaru.
  5780 | D:7      | Found a glowing silver altar of Zin.
  5783 | D:7      | Found a glowing golden altar of the Shining One.
  5838 | D:8      | Noticed Grum
  5838 | D:8      | Noticed a two-headed ogre
  5937 | D:6      | Got a shimmering long sword
  5938 | D:6      | Identified the +5 long sword of Xes Husm {flame, +Inv rC++ Str+2} (You found it on level 6 of the Dungeon)
  5947 | D:6      | Found a stormy altar of Qazlal.
  6097 | D:6      | Reached skill level 1 in Long Blades
  6259 | D:6      | Found an ancient bone altar of Kikubaaqudgha.
  6264 | D:6      | Found a deep blue altar of Sif Muna.
  6266 | D:6      | Found a radiant altar of Vehumet.
  6275 | D:6      | Identified Sif Muna's Catalogue of Displacement
  6290 | D:6      | Reached **** piety under Lugonu
  6299 | D:6      | Reached XP level 9. HP: 47/72 MP: 14/14
  6724 | D:5      | Reached skill level 5 in Fighting
  6754 | D:5      | Found a basalt altar of Yredelemnul.
  7591 | D:8      | Noticed a two-headed ogre
  7595 | D:8      | HP: 1/75 [two-headed ogre/giant spiked club (20)]
  7606 | D:9      | Noticed Pikel
  7610 | D:9      | Gained mutation: You evolve. [potion of mutation]
  7610 | D:9      | Gained mutation: Your muscles are strong. (Str +2) [potion of mutation]
  7611 | D:9      | HP: 4/112 [gnoll (3)]
  7611 | D:9      | HP: 1/112 [slave[Pikel] (2)]
  7613 | D:9      | Slain by a gnoll

Skill      XL: |  1  2  3  4  5  6  7  8  9 |
---------------+----------------------------+-----
Maces & Flails | 3 4 5 6 7 8 9 |  9.0
Armour         | 3 |  3.0
Dodging        | 2 3 |  3.0
Invocations    | 5 8 |  8.1
Long Blades    | 3 4 |  4.0
Fighting       | 4 5 |  5.7

Action                   |  1- 3 |  4- 6 |  7- 9 || total
-------------------------+-------+-------+-------++-------
Melee: Mace              |    84 |    87 |       ||   171
       Headbutt          |    12 |    20 |    23 ||    55
       Morningstar       |       |    34 |    71 ||   105
       Long sword        |       |       |    69 ||    69
Invok: Depart the Abyss  |     1 |       |       ||     1
  Use: Scroll            |       |     4 |       ||     4
       Potion            |       |       |     9 ||     9
  Eat: Chunk             |     1 |    10 |    10 ||    21
       Ration            |       |       |     1 ||     1
Armor: Leather armour    |    23 |    27 |    56 ||   106
       Skin              |       |       |    36 ||    36
Dodge: Dodged            |    38 |    67 |   118 ||   223
       Rpst.: Long sword |       |       |     9 ||     9
